 Dungeon Crawl Stone Soup version 0.31-a0-217-g58bb5d79cf (webtiles) character file.

Game seed: 12560788953431020475

58 qw the Chopper (level 4, 0/28 HPs)
             Began as a Gargoyle Fighter on July 2, 2023.
             Slain by a black bear (2 damage)
             ... on level 3 of the Dungeon.
             The game lasted 00:00:48 (2242 turns).

qw the Chopper (Gargoyle Fighter)                   Turns: 2242, Time: 00:00:49

Health: 0/28       AC: 13    Str: 22    XL:     4   Next: 1%
Magic:  4/4        EV:  8    Int:  8    God:
Gold:   95         SH:  4    Dex:  9    Spells: 3/3 levels left

rFire   . . .        Y - +2 war axe
rCold   . . .        c - +0 buckler
rNeg    + . .        j - +0 chain mail
rPois   inf          (no helmet)
rElec   +            (no cloak)
rCorr   .            f - +0 pair of gloves
SInv    .            (no boots)
Will    .....        (no amulet) Stlth
                     (no ring)
HPRegen 0.24/turn    (no ring)
MPRegen 0.09/turn

%: no passive effects
@: about to teleport
A: sickness immunity, AC +3, negative energy resistance 1, electricity
resistance, torment resistance 1, petrification resistance
a: no special abilities


You were on level 3 of the Dungeon.
You visited 1 branch of the dungeon, and saw 3 of its levels.

You collected 95 gold pieces.


Innate Abilities, Weirdness & Mutations

You are immune to sickness and miasma.
Your stone body is resilient. (AC +3)
You are immune to poison.
You resist negative energy. (rN+)
You are resistant to electric shocks. (rElec)
You are resistant to unholy torment.
You are immune to petrification.


   Skills:
 - Level 3.2 Fighting
 + Level 3.8 Axes
 - Level 3.2 Armour
 - Level 3.2 Shields


You had 3 spell levels left.
You didn't know any spells.
Your spell library was empty.

Inventory:

Hand Weapons
 b - a +0 whip
 Y - a +2 war axe (weapon)
Missiles
 e - 5 silver boomerangs (quivered)
Armour
 c - a +0 buckler (worn)
 f - a +0 pair of gloves (worn)
 j - a +0 chain mail (worn)
 k - the +0 leather armour of Misanthropy {rF+ Will++ Int-2 SInv}
   (You found it on level 3 of the Dungeon)

   Int:       It affects your intelligence (-2).
   rF:        It protects you from fire.
   SInv:      It lets you see invisible.
   Will:      It greatly increases your willpower.
Scrolls
 a - 2 scrolls of identify {unknown}
 n - a scroll of enchant armour {unknown}
Potions
 d - a potion of might
 h - a potion of curing
 i - a potion of mutation {unknown}
 l - a potion of heal wounds
 m - a potion of lignification {unknown}
 o - a potion of invisibility {unknown}

Dungeon Overview and Level Annotations

Branches:
Dungeon (3/15)

Altars:


Message History

The black bear claws you but does no damage. x2
You hit the black bear but do no damage.
The black bear is heavily wounded.
The black bear bites you. You block the black bear's attack.
The black bear claws you but does no damage.
You slash the black bear!
The black bear is severely wounded.
The black bear bites you. The black bear claws you.
The black bear claws you but does no damage.
You closely miss the black bear.
The black bear is severely wounded.
The black bear barely misses you. You block the black bear's attack.
The black bear barely misses you. x2; The black bear claws you.
The black bear closely misses you.
You completely miss the black bear.
The black bear is severely wounded.
The black bear bites you but does no damage.
You block the black bear's attack. The black bear barely misses you.
You hit the black bear.
The black bear is severely wounded.
You block the black bear's attack.
The black bear claws you but does no damage. x2
You hit the black bear.
The black bear is severely wounded.
The black bear barely misses you.
The black bear claws you but does no damage. x2
The black bear bites you. The black bear claws you.
The black bear claws you but does no damage.
You barely miss the black bear.
The black bear is severely wounded.
The black bear bites you.
The black bear claws you but does no damage.
The black bear claws you.
2242 ||| READING scroll of teleportation.
As you read the scroll of teleportation, it crumbles to dust.
You feel strangely unstable. The black bear closely misses you.
The black bear claws you but does no damage.
The black bear claws you.
You die...

### ### #.....# #
#.#.#.# ........
#.#.#.# ###...h.###
.......@..#
#########.# ## #.# #.
########.# .....
.........#############
.#######.............#
#.######.####.# #.#
#.# #.# #.# #.# #.#


You could see a black bear.

Vanquished Creatures
  An adder (D:2)
  3 dart slugs (D:1)
  An orc (D:3)
  4 ball pythons
  2 bats
  5 endoplasms
  3 giant cockroaches
  3 goblins
  A hobgoblin (D:1)
  3 quokkas
  2 frilled lizards
  4 kobolds
  7 rats
39 creatures vanquished.

Notes
Turn   | Place    | Note
-------+----------+-------------------------------------------
     0 | D:1      | qw the Gargoyle Fighter began the quest for the Orb.
     0 | D:1      | Reached XP level 1. HP: 14/14 MP: 1/1
     0 | D:1      | 0 ||| qw: Version: 0.3-a-40-ge99b1a8
     0 | D:1      | 0 ||| qw: Game counter: 106
     0 | D:1      | 0 ||| qw: Melee chars always use a shield: true
     0 | D:1      | 0 ||| qw: God list: Okawaru
     0 | D:1      | 0 ||| qw: Allow faded altars: false
     0 | D:1      | 0 ||| qw: Do Orc after clearing Dungeon:15 true
     0 | D:1      | 0 ||| qw: Do second Lair branch before Depths: true
     0 | D:1      | 0 ||| qw: Lair rune preference: random
     0 | D:1      | 0 ||| qw: Goals: Normal, Zot:1-4, Slime:5, God:TSO, Crypt,
                  | Tomb, Abyss, Pan, Hells, Win
     0 | D:1      | 0 ||| PLANNING D:1-11
    81 | D:1      | Reached XP level 2. HP: 17/19 MP: 2/2
   254 | D:1      | 254 ||| Stepping ~*~*~tactically~*~*~ (hiding).
   576 | D:1      | 576 ||| Stepping ~*~*~tactically~*~*~ (hiding).
   792 | D:1      | Reached skill level 3 in Axes
   912 | D:1      | Reached XP level 3. HP: 22/23 MP: 3/3
  1262 | D:1      | 1262 ||| UPGRADING to +0 pair of gloves.
  1267 | D:1      | 1267 ||| UPGRADING to +0 chain mail.
  1277 | D:1      | 1277 ||| DROPPING +0 scale mail.
  1278 | D:1      | 1278 ||| DROPPING amulet of magic regeneration.
  1279 | D:1      | 1279 ||| READING scroll labelled FUCEMA NAL ERR.
  1280 | D:1      | 1280 ||| READING 3 scrolls labelled DEN DAIG RIL.
  1281 | D:1      | 1281 ||| READING 2 scrolls labelled IFEADU LOWY.
  1282 | D:1      | 1282 ||| DRINKING 2 red potions.
  1283 | D:1      | 1283 ||| DROPPING 2 scrolls of butterflies.
  1284 | D:1      | 1284 ||| DROPPING scroll of amnesia.
  1343 | D:2      | Found a faded altar of an unknown god.
  1422 | D:2      | 1422 ||| DROPPING +0 club.
  1710 | D:2      | 1710 ||| Stepping ~*~*~tactically~*~*~ (hiding).
  1713 | D:2      | 1713 ||| Stepping ~*~*~tactically~*~*~ (hiding).
  1714 | D:2      | 1714 ||| Stepping ~*~*~tactically~*~*~ (hiding).
  1715 | D:2      | 1715 ||| Stepping ~*~*~tactically~*~*~ (hiding).
  1717 | D:2      | 1717 ||| Stepping ~*~*~tactically~*~*~ (hiding).
  1718 | D:2      | 1718 ||| Stepping ~*~*~tactically~*~*~ (hiding).
  1924 | D:2      | 1924 ||| READING scroll labelled GIEC BOD KEROI.
  1925 | D:2      | 1925 ||| READING scroll labelled ENUILA GUODD.
  1928 | D:2      | 1928 ||| DRINKING 2 smoky purple potions.
  1999 | D:3      | 1999 ||| READING scroll of enchant weapon.
  1999 | D:3      | 1999 ||| ENCHANTING +1 war axe.
  2141 | D:3      | Identified the +0 leather armour of Misanthropy {rF+ Will++
                  | Int-2 SInv}
  2183 | D:3      | Reached XP level 4. HP: 28/28 MP: 4/4
  2230 | D:3      | Noticed a black bear
  2241 | D:3      | HP: 6/28 [black bear (6)]
  2241 | D:3      | HP: 2/28 [black bear (4)]
  2242 | D:3      | 2242 ||| READING scroll of teleportation.
  2242 | D:3      | Slain by a black bear

Levels and vault maps discovered:
D:1:      scummos_arrival_gate, layout_loops_corners, serial_forest,
          infiniplex_forest_lined_corner, infiniplex_forest_zigzag_1,
          infiniplex_forest_end_2, infiniplex_forest_straight_5,
          infiniplex_forest_clump_double, infiniplex_forest_diagonal
D:2:      layout_rooms, hellmonk_ecumenical_altar_blasted,
          dreamdust_princess_bridge
D:3:      layout_loops_ring

Skill      XL: |  1  2 |
---------------+-------+-----
Axes           | 2 3 |  3.8
Fighting       | |  3.2
Armour         | |  3.2
Shields        | |  3.2

Action                     |  1- 3 |  4- 6 || total
---------------------------+-------+-------++-------
  Melee: War axe           |    71 |    12 ||    83
  Throw: Boomerang         |    21 |     4 ||    25
    Use: Scroll            |     6 |     1 ||     7
         Potion            |     2 |       ||     2
 Armour: Scale mail        |    18 |       ||    18
         Chain mail        |    10 |    19 ||    29
  Dodge: Dodged            |    21 |    11 ||    32
  Block: Buckler           |    10 |     4 ||    14

Table legend:
 A = Non-vault XP
 B = Vault XP
 C = Vault XP percentage of total XP
 D = Non-vault monster count
 E = Vault monster count
 F = Vault count percentage of total count
                 A         B        C        D         E       F
            +---------+---------+-------+---------+---------+-------
      Total |      83 |       0 |   0.0 |      39 |       0 |   0.0
            +---------+---------+-------+---------+---------+-------
        D:1 |      40 |       0 |   0.0 |      19 |       0 |   0.0
        D:2 |      26 |       0 |   0.0 |      10 |       0 |   0.0
        D:3 |      17 |       0 |   0.0 |      10 |       0 |   0.0
            +---------+---------+-------+---------+---------+-------
